 Dungeon Crawl Stone Soup version 0.24.0-123-gd5b16e6ec5 (webtiles) character file.

Game seed: 12117353695568686482, levelgen mode: deterministic

7536 Gremour the Carver (level 10, -2/94 HPs)
             Began as a Green Draconian Monk on Feb 5, 2020.
             Was an Elder of the Shining One.
             Slain by a five-headed hydra (10 damage)
             ... on level 2 of the Lair of Beasts on Feb 7, 2020.
             The game lasted 00:56:38 (11975 turns).

Gremour the Carver (Green Draconian Monk)          Turns: 11975, Time: 00:56:38

Health: -2/94      AC: 11    Str: 13    XL:     10   Next: 96%
Magic:  13/13      EV: 17    Int: 11    God:    the Shining One [****..]
Gold:   318        SH:  5    Dex: 20    Spells: 9/9 levels left

rFire    . . .     SeeInvis .   a - +6 triple sword (flame)
rCold    . . .     Gourm    .   (shield currently unavailable)
rNeg     + + .     Faith    .   (armour unavailable)
rPois    +         Spirit   .   (helmet restricted)
rElec    .         Reflect  +   h - +0 cloak
rCorr    .         Harm     .   m - +0 pair of gloves
MR       .....                  e - +1 pair of boots
Stlth    +.........             p - +5 amulet of reflection
HPRegen  0.25/turn              q - +3 ring of dexterity
MPRegen  0.13/turn              o - ring of wizardry

@: about to teleport, glowing
A: breathe noxious fumes, unfitting armour, poison resistance, cold-blooded, AC
+7
a: Breathe Noxious Fumes, Divine Shield, Cleansing Flame, Renounce Religion


You were on level 2 of the Lair of Beasts.
You worshipped the Shining One.
The Shining One was greatly pleased with you.
You were not hungry.

You visited 3 branches of the dungeon, and saw 12 of its levels.

You collected 773 gold pieces.
You spent 455 gold pieces at shops.

Inventory:

Hand Weapons
 a - a +6 triple sword of flaming (weapon)
Armour
 e - a +1 pair of boots (worn)
 h - a +0 cloak (worn)
 m - a +0 pair of gloves (worn)
Jewellery
 o - a ring of wizardry (right hand)
 p - a +5 amulet of reflection (around neck)
 q - a +3 ring of dexterity (left hand)
Wands
 d - a wand of random effects (32)
 f - a wand of disintegration (12)
Scrolls
 c - 11 scrolls of identify
 i - 4 scrolls of remove curse
 n - a scroll of teleportation
 u - a scroll of fear
Potions
 g - a potion of cancellation
 k - a potion of flight
 r - 2 potions of brilliance
 s - a potion of magic {unknown}
 t - a potion of resistance {unknown}
Miscellaneous
 l - a phial of floods
Comestibles
 b - 21 rations


   Skills:
 - Level 10.4 Fighting
 + Level 12.1 Long Blades
 * Level 6.6 Dodging
 - Level 1.7 Stealth
 * Level 4.2 Invocations


You had 9 spell levels left.
You didn't know any spells.
Your spell library contained the following spells:

 Spells                   Type           Power        Failure   Level  Hunger
 Animate Skeleton         Necr           N/A          14%         1    ##.....
 Apportation              Tloc           #.....       14%         1    ##.....
 Beastly Appendage        Tmut           #.....       14%         1    ##.....
 Confusing Touch          Hex            #.....       14%         1    ##.....
 Summon Small Mammal      Summ           #...         14%         1    ##.....
 Sticks to Snakes         Tmut           #.......     21%         2    ###....
 Spider Form              Tmut/Pois      #.........   38%         3    ####...
 Ice Form                 Ice/Tmut       #.......     77%         4    #####..
 Blade Hands              Tmut           #.........   98%         5    ######.


Dungeon Overview and Level Annotations

Branches:
Dungeon (9/15)             Temple (1/1) D:4            Lair (2/6) D:9
  Swamp: Lair:2-4    Shoals: Lair:2-4     Snake: Lair:2-4    Spider: Lair:2-4
    Orc: D:9-12

Altars:
Ashenzari
Cheibriados
Dithmenos
Elyvilon
Fedhas
Gozag
Hepliaklqana
Kikubaaqudgha
Makhleb
Nemelex Xobeh
Okawaru
Qazlal
Ru
Sif Muna
Trog
Uskayaw
Vehumet
Wu Jian
Xom
Yredelemnul
Zin
The Shining One

Shops:
D:8 (


Innate Abilities, Weirdness & Mutations

You can breathe blasts of noxious fumes.
Your lurid green scales are hard. (AC +7)
You cannot fit into any form of body armour.
Your system is resistant to poisons. (rPois)
You are cold-blooded and may be slowed by cold attacks.


Message History

The five-headed hydra misses you.
The five-headed hydra barely misses you.
Cornered, the yak turns to fight!
You feel better.
The yak bellows!
The bullfrog hits you but does no damage.
The five-headed hydra misses you.
You riposte.
You slash the five-headed hydra! You burn the five-headed hydra.
The five-headed hydra is severely wounded.
The five-headed hydra misses you.
The five-headed hydra bites you but does no damage.
You block the five-headed hydra's attack.
The five-headed hydra closely misses you.
You block the yak's attack.
You feel better. You block the bullfrog's attack.
The five-headed hydra bites you!
* * * LOW HITPOINT WARNING * * *
The five-headed hydra closely misses you.
The five-headed hydra bites you!
You die...

#..# ...#
#..## #P..
#..P ##.## .
#P.P#####...Y
##..D@FY..Y..
#...##Y##.$#.
#l..# ##
#.l.# .....#
###.P## ...#
P.... .....


You could see a five-headed hydra, a komodo dragon (fleeing), 4 yaks and a
bullfrog.

Vanquished Creatures
  The ghost of MisterT the Spear-Bearer, a novice FoFi of Hepliaklqana (D:5)
  The ghost of CannibalFerox the Bolt Thrower, a novice DgHu (D:6)
  A spiny frog (Lair:1)
  A komodo dragon (Lair:1)
  A hornet (D:9)
  The ghost of LifeIsToil the Poker, an amateur MfSk of Nemelex Xobeh (D:4)
  2 hippogriffs (Lair:1)
  3 yaks (Lair:2)
  Duvessa (D:7)
  3 water moccasins
  2 porcupines (Lair:1)
  3 sky beasts
  An orc warrior (D:8)
  A black bear (D:9)
  6 ogres
  2 ice beasts
  2 necrophages
  4 phantoms
  2 centaurs
  2 crocodiles (Lair:1)
  3 big kobolds
  9 bullfrogs
  Dowan (D:7)
  3 scorpions
  7 killer bees
  3 crimson imps
  A bullfrog zombie (D:8)
  5 hounds
  2 jellies
  A centaur zombie (D:6)
  A centaur skeleton (D:7)
  An orc priest (D:4)
  2 bullfrog skeletons
  Natasha (thrice) (D:2)
  4 orc wizards
  2 iguanas
  4 worker ants
  A hound skeleton (D:4)
  Robin (D:2)
  A howler monkey skeleton (D:8)
  A worker ant zombie (D:7)
  8 gnolls
  13 adders
  4 shadow imps
  An ooze (D:2)
  2 worms
  A dart slug (D:1)
  5 leopard geckos
  21 orcs
  9 bats
  7 giant cockroaches
  23 goblins
  14 hobgoblins
  16 jackals
  21 kobolds
  5 quokkas
  2 ball pythons
  5 frilled lizards
  A leopard gecko skeleton (D:7)
  A leopard gecko zombie (D:7)
  A quokka skeleton (D:7)
  A quokka zombie (D:6)
  7 rats
264 creatures vanquished.

Notes
Turn   | Place    | Note
-------+----------+-------------------------------------------
     0 | D:1      | Gremour the Draconian Monk began the quest for the Orb.
     0 | D:1      | Reached XP level 1. HP: 19/19 MP: 1/1
   101 | D:1      | Reached XP level 2. HP: 24/27 MP: 2/2
   468 | D:1      | Reached XP level 3. HP: 30/34 MP: 3/3
   944 | D:1      | Reached skill level 5 in Fighting
  1270 | D:2      | Found an iron altar of Okawaru.
  1303 | D:2      | Noticed Robin
  1346 | D:2      | Reached XP level 4. HP: 25/42 MP: 4/4
  1635 | D:2      | Killed Robin
  1780 | D:2      | Noticed Natasha
  1788 | D:2      | Killed Natasha
  1833 | D:2      | Noticed Natasha
  1842 | D:2      | Killed Natasha
  1842 | D:2      | Reached XP level 5. HP: 27/51 MP: 5/5
  1990 | D:2      | Noticed Natasha
  1999 | D:2      | Killed Natasha
  2723 | D:3      | Found a glowing golden altar of the Shining One.
  2736 | D:3      | Became a worshipper of the Shining One
  2736 | D:3      | Reached * piety under the Shining One
  2736 | D:3      | Reached ** piety under the Shining One
  2898 | D:3      | Reached XP level 6. HP: 60/60 MP: 6/6
  3611 | D:4      | Found a transporter.
  3612 | D:4      | Found a transporter.
  3612 | D:4      | Noticed LifeIsToil's ghost (amateur MfSk)
  3700 | D:4      | Noticed a hornet
  3727 | D:5      | Entered Level 5 of the Dungeon
  4437 | D:4      | Found a staircase to the Ecumenical Temple.
  4637 | D:4      | Your scales start taking on a lurid green colour.
  4637 | D:4      | Reached XP level 7. HP: 59/69 MP: 7/7
  4637 | D:4      | Gained mutation: Your system is resistant to poisons.
                  | (rPois) [Green Draconian growth]
  4702 | Temple   | Entered the Ecumenical Temple
  5069 | D:4      | Killed LifeIsToil's ghost
  5124 | D:5      | Reached skill level 10 in Fighting
  5315 | D:5      | Found a snail-covered altar of Cheibriados.
  5316 | D:5      | Found a sacrificial altar of Ru.
  5316 | D:5      | Found an opulent altar of Gozag.
  5326 | D:5      | Found a radiant altar of Vehumet.
  5326 | D:5      | Found a hide-covered altar of Uskayaw.
  5349 | D:5      | Found a bloodstained altar of Trog.
  5350 | D:5      | Found an ancient bone altar of Kikubaaqudgha.
  5888 | D:6      | Found a runed translucent gate.
  5888 | D:6      | Found a runed translucent gate.
  5889 | D:6      | Found a runed translucent gate.
  5890 | D:6      | Noticed CannibalFerox's ghost (novice DgHu)
  5890 | D:6      | Noticed MisterT's ghost (novice FoFi)
  5906 | D:6      | Reached skill level 1 in Invocations
  5906 | D:6      | Reached XP level 8. HP: 58/80 MP: 8/8
  6031 | D:6      | HP: 4/80 [worker ant (8)]
  6391 | D:5      | Reached skill level 4 in Long Blades
  6858 | D:5      | Killed MisterT's ghost
  6858 | D:5      | Reached skill level 5 in Long Blades
  7166 | D:6      | Reached skill level 6 in Long Blades
  7349 | D:6      | Reached XP level 9. HP: 81/86 MP: 10/10
  7441 | D:6      | Killed CannibalFerox's ghost
  7441 | D:6      | Reached skill level 7 in Long Blades
  7761 | D:6      | Found a glowing golden altar of the Shining One.
  7878 | D:7      | Reached skill level 5 in Dodging
  8267 | D:7      | Noticed Duvessa
  8267 | D:7      | Noticed Dowan
  8297 | D:7      | Reached skill level 8 in Long Blades
  8302 | D:7      | Killed Duvessa
  8318 | D:7      | Killed Dowan
  8918 | D:8      | Reached skill level 9 in Long Blades
  8934 | D:8      | Reached *** piety under the Shining One
  9190 | D:8      | Reached XP level 10. HP: 56/94 MP: 12/12
  9309 | D:8      | Found Xinuir's Antique Weapon Shop.
  9354 | D:8      | Bought a runed triple sword for 455 gold pieces
  9630 | D:8      | Found a stormy altar of Qazlal.
  9636 | D:8      | Reached skill level 10 in Long Blades
 10380 | D:9      | Found a staircase to the Lair.
 10930 | D:9      | Reached **** piety under the Shining One
 11243 | Lair:1   | Entered Level 1 of the Lair of Beasts
 11260 | Lair:1   | Reached skill level 11 in Long Blades
 11293 | Lair:1   | Noticed a spiny frog
 11305 | Lair:1   | Killed a spiny frog
 11467 | Lair:1   | You fall into a shaft and drop 1 floor!
 11559 | Lair:1   | Reached skill level 12 in Long Blades
 11964 | Lair:2   | Noticed an eight-headed hydra
 11975 | Lair:2   | Slain by a five-headed hydra

Levels and vault maps discovered:
D:1:      dpeg_arrival_circle_labyrinth_a, layout_basic
D:2:      layout_rooms, chequers_serial_rivers_micro_b, okawaru_gym_becter,
          uniq_natasha, uniq_robin
D:3:      layout_basic, tso_oasis_becter, fountainhead
D:4:      layout_gridville, minmay_temple_entry_mist, gammafunk_ghost_arena,
          first_ration
D:5:      layout_cave_pools, grunt_temple_overflow_open, serial_column_ruins,
          column_ruins_circle_medium, column_ruins_corridor_straight,
          column_ruins_open_large, column_ruins_grid_1, column_ruins_open_small,
          column_ruins_open_small, column_ruins_grid_1,
          kennysheep_generic_room_2
D:6:      layout_cave_pools, gammafunk_ghost_cemetery, tso_altar
D:7:      layout_basic, uniq_duvessa
D:8:      layout_gridville, nicolae_qazlal_general_emergency, serial_shops,
          nicolae_shop_crystal
D:9:      layout_irregular_city, lair_entry_dummy, serial_co_window_serial,
          co_window_paths_a, co_window_of_opportunity_a, co_window_paths_b,
          co_window_corner_a, co_window_paths_b, co_window_paths_c,
          co_window_paths_c, co_window_corner_b, co_window_2corner,
          co_window_corner_b, co_window_broadway_a, co_window_4corner_b,
          co_window_4corner_a, glass_columns_b
Temple:   oiseaux_autumnal_temple
Lair:1:   layout_roguey
Lair:2:   layout_loops_ring, minmay_shoals_entry_centaurs, columned_hall_lemuel,
          st_stairs_6, chequers_serial_rivers_room_b, serial_bayou_pond_e,
          minmay_lair_oklob_chamber

Skill      XL: |  1  2  3  4  5  6  7  8  9 10 |
---------------+-------------------------------+-----
Fighting       | 4 5 6 7 8 10 | 10.4
Invocations    | 1 2 4 |  4.2
Dodging        | 4 5 6 |  6.6
Long Blades    | 6 9 12 | 12.1
Stealth        | |  1.7

Action                   |  1- 3 |  4- 6 |  7- 9 | 10-12 || total
-------------------------+-------+-------+-------+-------++-------
Melee: Falchion          |   139 |   254 |   471 |    18 ||   882
       Tailslap          |     9 |    50 |    86 |    17 ||   162
       Triple sword      |       |       |       |   109 ||   109
Invok: Divine Shield     |       |       |     7 |       ||     7
 Abil: Breathe Noxious F |       |       |     7 |     1 ||     8
  Use: Potion            |       |     4 |     4 |     2 ||    10
       Scroll            |       |     6 |     8 |     8 ||    22
 Stab: Sleeping          |     1 |     3 |       |       ||     4
       Distracted        |       |     1 |       |       ||     1
  Eat: Chunk             |     1 |     9 |     6 |     5 ||    21
       Ration            |       |     1 |     3 |     2 ||     6
Armor: Skin              |    38 |    87 |   126 |    41 ||   292
Dodge: Dodged            |    95 |   203 |   271 |   102 ||   671
Block: Other             |       |       |   120 |    37 ||   157
       Reflection        |       |       |     2 |     1 ||     3
       Rpst.: Falchion   |    30 |    58 |    77 |     3 ||   168
       Triple sword      |       |       |       |    17 ||    17
